 Dungeon Crawl Stone Soup version 0.29.0-15-g675c0067aa (webtiles) character file.

Game seed: 8021002098235157736

100 Bartlander the Firebug (level 4, 0/33 HPs)
             Began as a Draconian Fire Elementalist on Sept 11, 2022.
             Killed from afar by an orc wizard (10 damage)
             ... with a puff of flame
             ... on level 2 of the Dungeon.
             The game lasted 00:08:15 (2959 turns).

Bartlander the Firebug (DrFE)                       Turns: 2959, Time: 00:08:15

Health: 0/33       AC:  5    Str: 10    XL:     4   Next: 46%
Magic:  1/7        EV: 12    Int: 17    God:
Gold:   132        SH:  0    Dex: 12    Spells: 4/7 levels left

rFire   . . .      SeeInvis .   b - +0 dagger
rCold   . . .      Faith    .   (no shield)
rNeg    . . .      Spirit   .   (body armour unavailable)
rPois   .          Reflect  .   (helmet restricted)
rElec   .          Harm     .   (no cloak)
rCorr   .          Rampage  .   (no gloves)
Will    .....                   (no boots)
Stlth   ++........              (no amulet)
HPRegen 0.11/turn               (no ring)
MPRegen 0.10/turn               (no ring)

@: no status effects
A: AC +5, unfitting armour, cold-blooded
a: no special abilities


You were on level 2 of the Dungeon.
You visited 1 branch of the dungeon, and saw 2 of its levels.

You collected 132 gold pieces.

Inventory:

Hand Weapons
 b - a +0 dagger (weapon)
Missiles
 c - 12 poisoned darts
Scrolls
 i - 3 scrolls of identify
Potions
 d - a potion of invisibility {unknown}
 e - a potion of degeneration {unknown}
 f - 4 potions of berserk rage {unknown}
 g - 2 potions of mutation {unknown}
 h - a potion of curing
 j - a potion of cancellation {unknown}


   Skills:
 - Level 1.7 Dodging
 - Level 1.7 Stealth
 - Level 2.0 Spellcasting
 - Level 1.0 Conjurations
 + Level 5.3 Fire Magic


You had 4 spell levels left.
You knew the following spells:

 Your Spells              Type           Power      Damage    Failure   Level
a - Foxfire               Conj/Fire      48%        2x1d6     5%          1
b - Scorch                Fire           38%        2d6       3%          2

Your spell library contained the following spells:

 Spells                   Type           Power      Damage    Failure   Level
 Conjure Flame            Conj/Fire      12%        6-21      16%         3
 Inner Flame              Hex/Fire       10%        N/A       19%         3
 Flame Wave               Conj/Fire      12%        2d6       45%         4


Dungeon Overview and Level Annotations

Branches:
Dungeon (2/15)

Altars:


Innate Abilities, Weirdness & Mutations

Your plain brown scales are hard. (AC +5)
You cannot fit into any form of body armour.
You are cold-blooded and may be slowed by cold attacks.


Message History

The orc priest hits you with a +0 flail.
You hit the orc priest.
The orc priest is lightly wounded.
The orc hits you with a +0 hand axe. The orc priest misses you.
You hit the orc priest. You tail-slap the orc priest.
The orc priest is heavily wounded.
The orc misses you.
The orc priest mumbles some strange prayers to Beogh against you.
Beogh smites you!
* * * LOW HITPOINT WARNING * * *
You feel better. The orc hits you but does no damage.
The orc priest begins to cast a cantrip, but forgets the words!
Magic courses through your body. The orc priest completely misses you.
The orc barely misses you.
Casting: Scorch (safe; 3% risk of failure)
Confirm with . or Enter, or press ? or * to list all spells.
Flames lash the orc priest.
You kill the orc priest!
The orc hits you but does no damage.
Your Fire Magic skill increases to level 5!
Casting: Scorch (safe; 3% risk of failure)
Confirm with . or Enter, or press ? or * to list all spells.
Flames lash the frilled lizard.
You kill the frilled lizard!
The orc barely misses you. The orc hits you but does no damage.
Casting: Scorch (safe; 3% risk of failure)
Confirm with . or Enter, or press ? or * to list all spells.
Flames lash the orc.
You kill the orc!
Casting: Scorch (safe; 3% risk of failure)
Confirm with . or Enter, or press ? or * to list all spells.
You don't have enough magic to cast this spell.
You hit something but do no damage. You hit something. Something hits you.
* * * LOW HITPOINT WARNING * * *
You miss something.
You hear some strange, mumbled words.
A puff of flame appears from out of thin air!
The puff of flame hits you!
You die...

#......... ##......
#...#...#. #...###
#.......l. #.#.# #.....
... o#...# #########
#..........$#...#
........#
#.†.#o..#..##...#
##.###..# #.o.......#
#.#.. #.## ##.##
#{#########...## ..#
#..## #@)..........#
..## ##...##
#####.>#######
#..###.....# #..#
###........# #..#
##.#...#.# #..#
###...#.##.##### #..#
......#.##.....#####..#
..............#.......#
####........^###.#.#.##


You could see an orc.

Vanquished Creatures
  An orc priest (D:2)
  Robin (D:2)
  3 orcs (D:2)
  5 endoplasms
  2 giant cockroaches (D:1)
  13 goblins
  4 hobgoblins
  6 kobolds
  A quokka (D:2)
  A ball python (D:2)
  7 bats
  A frilled lizard (D:2)
  7 rats
52 creatures vanquished.

Vanquished Creatures (others)
  52 foxfires
52 creatures vanquished.

Grand Total: 104 creatures vanquished

Notes
Turn   | Place    | Note
-------+----------+-------------------------------------------
     0 | D:1      | Bartlander the Draconian Fire Elementalist began the quest
                  | for the Orb.
     0 | D:1      | Reached XP level 1. HP: 14/14 MP: 3/3
    10 | D:1      | Noticed a bullfrog
   176 | D:1      | Found a faded altar of an unknown god.
   507 | D:1      | Reached XP level 2. HP: 20/20 MP: 3/5
  1115 | D:1      | Learned a level 2 spell: Scorch
  1339 | D:1      | Reached skill level 4 in Fire Magic
  1731 | D:2      | Noticed Robin
  1849 | D:2      | Reached XP level 3. HP: 22/26 MP: 0/6
  1914 | D:2      | Killed Robin
  2947 | D:2      | Reached XP level 4. HP: 33/33 MP: 1/7
  2955 | D:2      | Reached skill level 5 in Fire Magic
  2959 | D:2      | Killed from afar by an orc wizard

Illustrated notes

Levels and vault maps discovered:
D:1:      evilmike_arrival_come_back, layout_loops_corners,
          ebering_ecumenical_altar_hall, minmay_unequal
D:2:      cheibrodos_pilgrimage, layout_loops_ring, uniq_robin

Skill      XL: |  1  2  3  4 |
---------------+-------------+-----
Fire Magic     | 4 5 |  5.3
Dodging        | |  1.7
Stealth        | |  1.7
Spellcasting   | |  2.0
Conjurations   | |  1.0

Action                   |  1- 3 |  4- 6 || total
-------------------------+-------+-------++-------
Melee: Unarmed           |     2 |       ||     2
       Dagger            |    20 |     8 ||    28
       Tailslap          |     2 |     1 ||     3
 Cast: Foxfire           |    31 |       ||    31
       Scorch            |    37 |     3 ||    40
  Use: Scroll            |     5 |       ||     5
       Potion            |       |     2 ||     2
Armor: Skin              |    16 |     4 ||    20
Dodge: Dodged            |    38 |     7 ||    45
